 Dungeon Crawl Stone Soup version 0.30-a0-1075-gcd70e7a56d (webtiles) character file.

Game seed: 15389326838128541925

15276 retardedninja the Cleaver (level 12, -4/104 HPs)
             Began as a Naga Fighter on Apr 14, 2023.
             Was a Believer of Hepliaklqana.
             Killed from afar by a blizzard demon (19 damage)
             ... with a freezing blast
             ... in a Gauntlet.
             The game lasted 00:22:02 (18276 turns).

retardedninja the Cleaver (Naga Fighter)           Turns: 18276, Time: 00:22:02

Health: -4/104     AC: 26    Str: 24    XL:     12   Next: 25%
Magic:  12/12      EV: 15    Int:  8    God:    Hepliaklqana [**....]
Gold:   868        SH:  6    Dex: 11    Spells: 11/11 levels left

rFire   + . .      SeeInvis +    E - +0 broad axe
rCold   . . .      Faith    .    c - +0 buckler
rNeg    . . .      Spirit   .    p - +0 crystal plate armour
rPois   +          Reflect  .    (no helmet)
rElec   .          Rampage  .    y - +2 cloak
rCorr   .          NoTele   +    x - +0 pair of gloves
Will    +....                    s - +0 barding Stlth
                                 k - amulet of the acrobat
HPRegen 0.37/turn                j - ring of protection from fire
MPRegen 0.13/turn                (no ring)

@: acrobatic, flying, very slow
A: reduced essence, AC +4, large, see invisible, deformed body, poison
resistance, slowness 2, spit poison 1, naga tail 1
a: Spit Poison, Renounce Religion, Recall Ancestor, Ancestor Identity


You were in a Gauntlet.
You worshipped Hepliaklqana.
Hepliaklqana was pleased with you.
You visited 3 branches of the dungeon, and saw 14 of its levels.
You also visited: Bailey and Gauntlet.

You collected 868 gold pieces.

Inventory:

Hand Weapons
 E - a +0 broad axe (weapon)
Armour
 c - a +0 buckler (worn)
 p - a +0 crystal plate armour (worn)
 s - a +0 barding (worn)
 x - a +0 pair of gloves (worn)
 y - a +2 cloak (worn)
Jewellery
 j - a ring of protection from fire (left hand)
 k - an amulet of the acrobat (around neck)
 o - an amulet of the acrobat
 B - a ring of willpower
Wands
 a - a wand of quicksilver (3)
 b - a wand of flame (32)
 l - a wand of paralysis (8)
 G - a wand of mindburst (10)
Scrolls
 d - 2 scrolls of poison
 e - a scroll of amnesia
 f - a scroll of immolation
 g - a scroll of vulnerability
 m - a scroll of identify
 n - 2 scrolls of fog
 q - 2 scrolls of blinking
 u - 3 scrolls of teleportation
 z - a scroll of magic mapping {unknown}
 I - 3 scrolls of fear
Potions
 h - 2 potions of cancellation
 i - 4 potions of brilliance
 r - a potion of haste
 t - 2 potions of lignification
 v - a potion of mutation
 w - 2 potions of ambrosia
 A - a potion of magic {unknown}
 H - 3 potions of curing
Miscellaneous
 F - a box of beasts (inert)


   Skills:
 + Level 10.2 Fighting
 * Level 10.5 Axes
 + Level 8.6 Armour
 + Level 9.4 Shields


You had 11 spell levels left.
You didn't know any spells.
Your spell library contained the following spells:

 Spells                   Type           Power      Damage    Failure   Level
 Kiss of Death            Conj/Necr      0%         2d5       100%        1
 Confusing Touch          Hex            0%         N/A       100%        3
 Vhi's Electric Charge    Tloc/Air       0%         N/A       100%        3
 Dispel Undead            Necr           0%         3d6       100%        4
 Leda's Liquefaction      Hex/Erth       0%         N/A       100%        4
 Arcjolt                  Conj/Air       0%         1d10      100%        5
 Lee's Rapid Deconstruct  Erth           0%         3d4*      100%        5
 Plasma Beam              Fire/Air       0%         2x1d11    100%        6
 Statue Form              Tmut/Erth      0%         N/A       100%        6


Dungeon Overview and Level Annotations

Branches:
Dungeon (11/15)            Temple (1/1) D:7            Lair (2/5) D:8
    Orc (0/2) D:11         Bailey (visited)         Gauntlet (1/1)
  Swamp: Lair:2-3    Shoals: Lair:2-3     Snake: Lair:2-3    Spider: Lair:2-3

Altars:
Ashenzari
Cheibriados
Dithmenos
Elyvilon
Fedhas
Gozag
Hepliaklqana
Kikubaaqudgha
Makhleb
Nemelex Xobeh
Okawaru
Qazlal
Ru
Sif Muna
Trog
Uskayaw
Vehumet
Wu Jian
Xom
Yredelemnul
Zin
The Shining One

Shops:
D:3 =   D:9 *

Annotations:
D:4 1 runed translucent door, Crazy Yiuf
D:10 2 runed translucent doors, scionoferis's ghost, journeyman VSBr
Lair:1 exclusion: oklob plant Gauntlet 11 transporters


Innate Abilities, Weirdness & Mutations

Your life essence is reduced to manifest your ancestor. (-10% HP)
Your serpentine skin is tough. (AC +4)
You have supernaturally acute eyesight. (SInv)
Armour fits poorly on your strangely shaped body.
Your system is resistant to poisons. (rPois)
You cover ground very slowly.
You can spit poison.
You have a snake-like lower body.


Message History

The blizzard demon hits you!
Stalin is engulfed in freezing vapours.
Stalin hits the blizzard demon with a +0 quarterstaff!
The blizzard demon gestures at stalin.
The bolt of lightning hits stalin!!
Stalin is destroyed!
The blizzard demon is engulfed in freezing vapours.
The blizzard demon shouts!
You open the lid... ...and a larval batox beast flies out!
The box is emptied!
The blizzard demon is engulfed in freezing vapours.
The blizzard demon gestures at you.
The freezing blast engulfs you but does no damage.
Your larval batox beast closely misses the blizzard demon.
Your larval batox beast tramples the blizzard demon but does no damage.
The blizzard demon is engulfed in freezing vapours.
The blizzard demon barely misses your larval batox beast.
The blizzard demon hits your larval batox beast!!
Your larval batox beast dies!
Your larval batox beast's corpse disappears in a puff of smoke!
The blizzard demon shouts!
There is a transporter landing site here.
You slash the blizzard demon!
The blizzard demon is almost dead.
You block the blizzard demon's attack. The blizzard demon hits you!
* * * LOW HITPOINT WARNING * * *
The blizzard demon attacks as you move away!
You block the blizzard demon's attack.
The blizzard demon hits you but does no damage.
The blizzard demon gestures at you. The bolt of cold misses you.
The blizzard demon gestures at you. The bolt of lightning misses you.
The blizzard demon gestures at you. The freezing blast engulfs you!
* * * LOW HITPOINT WARNING * * *
The blizzard demon is engulfed in freezing vapours.
The blizzard demon hits you but does no damage.
The blizzard demon barely misses you. The blizzard demon gestures at you.
The freezing blast engulfs you!!
You die...

#8# #8# #8# #8# #8# #8#
#########################
###≈............≈∩§........
#8#.......©.............©..
###..###########...########
#..#.....☼...#...#4...#..
###..#...○☼○...#.∩.#3..#.#.
#8#..#...☼☼☼...#...#5.#.©P#
###..#...☼@2○..#...#.#P.#..
#..#....§°°..#...##..#.#.
###..#.........#...#..#..P#
#8#..#.....°°..#...#.#..#..
###..#.........#...##..#5#.
#..#..!=©!)..#...#[?#.3.#
###..###########...########
#8#.....#.©.#....§.........
###...8.#...#...§8§........


You could see a blizzard demon.

Vanquished Creatures
  A hydra (Lair:2)
  2 two-headed ogres
  A black mamba (Lair:1)
  A cane toad (Lair:1)
  3 gargoyles
  A kobold demonologist (D:9)
  3 trolls
  A hornet (D:9)
  3 blink frogs (Lair:1)
  A slime creature (D:11)
  2 wraiths
  11 yaks
  A vampire (Bailey)
  2 vampire mosquitoes
  2 water moccasins
  4 black bears
  3 sky beasts
  3 orc warriors
  3 ice beasts
  An ogre (D:5)
  A centaur (D:6)
  3 kobold brigands
  A gnoll sergeant (D:11)
  4 bullfrogs
  3 scorpions
  11 wights
  5 killer bees (D:9)
  6 wolf zombies (Bailey)
  6 howler monkeys
  8 vampire bats (Bailey)
  6 hounds
  2 jellies (D:5)
  9 orc priests
  A sleepcap (D:7)
  6 iguanas
  13 orc wizards
  6 adders
  12 gnolls
  A shadow imp (D:4)
  A white imp (D:8)
  2 ufetubi
  2 worms (D:2)
  2 dart slugs
  29 orcs
  4 endoplasms
  3 giant cockroaches
  3 goblins
  13 hobgoblins
  8 jackals
  2 quokkas
  8 ball pythons
  5 bats
  3 frilled lizards
  16 kobolds
  16 orc zombies (Bailey)
  9 rats
279 creatures vanquished.

Vanquished Creatures (collateral kills)
  A hydra (Lair:2)
  A manticore (D:11)
  A shadow (D:11)
  A vampire (D:11)
  5 yaks
  A wyvern (Lair:1)
  A basilisk (Lair:1)
  A vampire mosquito (Lair:2)
  A water moccasin (Lair:2)
  An orc warrior (D:9)
  A centaur (D:11)
  A wight (D:9)
  An orc wizard (D:9)
  3 gnolls (D:11)
  3 orcs (D:9)
  A rat (D:10)
24 creatures vanquished.

Vanquished Creatures (others)
  An orc wizard (D:11)
  2 ancestors
  4 battlemagi
  12 demonic plants (Gauntlet)
  4 fungi
  6 plants
29 creatures vanquished.

Grand Total: 332 creatures vanquished

Notes
Turn   | Place    | Note
-------+----------+-------------------------------------------
     0 | D:1      | retardedninja the Naga Fighter began the quest for the Orb.
     0 | D:1      | Reached XP level 1. HP: 21/21 MP: 1/1
   151 | D:1      | Reached XP level 2. HP: 25/28 MP: 2/2
   494 | D:1      | Reached XP level 3. HP: 24/34 MP: 3/3
  1049 | D:2      | Found a faded altar of an unknown god.
  1225 | D:2      | Reached XP level 4. HP: 32/42 MP: 4/4
  2028 | D:3      | Noticed an air elemental
  2032 | D:3      | Found a radiant altar of Vehumet.
  2032 | D:3      | Noticed a fire elemental
  2080 | D:3      | Found a stormy altar of Qazlal.
  2099 | D:3      | Noticed a black bear
  2105 | D:3      | Killed a black bear
  2106 | D:3      | Reached XP level 5. HP: 45/50 MP: 5/5
  2248 | D:3      | Reached XP level 6. HP: 52/57 MP: 6/6
  2299 | D:3      | Found an opulent altar of Gozag.
  2517 | D:3      | Found Geuraj's Jewellery Emporium.
  2543 | D:3      | Noticed a water elemental
  2612 | D:4      | Noticed a black bear
  2628 | D:3      | Killed a black bear
  3457 | D:4      | Reached XP level 7. HP: 66/66 MP: 7/7
  4597 | D:4      | Found a runed translucent door.
  4598 | D:4      | Noticed Crazy Yiuf
  4623 | D:4      | Reached skill level 5 in Fighting
  4699 | D:4      | Found a basalt altar of Yredelemnul.
  4699 | D:4      | Found an iron altar of Okawaru.
  4901 | D:5      | Entered Level 5 of the Dungeon
  5217 | D:4      | Reached XP level 8. HP: 28/74 MP: 8/8
  5942 | D:5      | Reached skill level 5 in Axes
  6072 | D:5      | Reached skill level 5 in Shields
  6921 | D:6      | Reached skill level 5 in Armour
  7461 | D:6      | Found a sparkling altar of Nemelex Xobeh.
  7745 | D:6      | Found an ornate altar of the Wu Jian Council.
  7773 | D:6      | Reached XP level 9. HP: 39/82 MP: 9/9
  8455 | D:6      | Found the +7 captain's cutlass {speed, disarm}
  9451 | D:7      | Found a flagged portal.
  9534 | Bailey   | Entered a bailey
 10478 | Bailey   | Noticed a gargoyle
 10494 | Bailey   | Killed a gargoyle
 10991 | Bailey   | HP: 3/86 [vampire/+2 vampiric glaive (6)]
 10994 | Bailey   | Reached XP level 10. HP: 17/94 MP: 10/10
 11618 | D:7      | Found a staircase to the Ecumenical Temple.
 11647 | Temple   | Entered the Ecumenical Temple
 11765 | Temple   | Became a worshipper of Hepliaklqana the Forgotten
 11819 | D:7      | Identified the +4 trident of Cymecuus {freeze, Str+4 Dex+3}
 12087 | D:8      | Found a staircase to the Lair.
 12513 | D:9      | Reached * piety under Hepliaklqana
 12513 | D:9      | Noticed a kobold demonologist
 12515 | D:9      | Noticed a soul eater
 12521 | D:9      | Noticed an orange demon
 12537 | D:9      | Killed a kobold demonologist
 12569 | D:9      | Found Focedag's Assorted Antiques.
 13448 | D:9      | Reached XP level 11. HP: 66/104 MP: 11/11
 13625 | D:9      | Found a glowing golden altar of the Shining One.
 14232 | D:10     | Entered Level 10 of the Dungeon
 14283 | D:10     | Found a sacrificial altar of Ru.
 14381 | D:10     | Noticed a two-headed ogre
 14393 | D:10     | Killed a two-headed ogre
 14660 | D:10     | Noticed a yaktaur captain
 14660 | D:10     | Noticed a lich
 14660 | D:10     | Noticed scionoferis's ghost (journeyman VSBr)
 14661 | D:10     | Noticed a necromancer
 14661 | D:10     | Noticed a purple ugly thing
 14661 | D:10     | Noticed a necromancer
 14662 | D:10     | Noticed a skeletal warrior
 14747 | D:10     | Found a runed translucent door.
 14750 | D:10     | Noticed a skeletal warrior
 14756 | D:10     | Found a runed translucent door.
 14933 | D:10     | Found a broken altar of Ashenzari.
 15728 | D:11     | Noticed a manticore
 15964 | D:11     | Found a staircase to the Orcish Mines.
 15964 | D:11     | Reached ** piety under Hepliaklqana
 15975 | D:11     | Remembered your ancestor stalin as a battlemage
 16201 | D:11     | Noticed a two-headed ogre
 16206 | D:11     | Killed a two-headed ogre
 16868 | D:11     | Killed a manticore
 16961 | Lair:1   | Entered Level 1 of the Lair of Beasts
 17369 | Lair:1   | Reached skill level 10 in Axes
 17369 | Lair:1   | Reached XP level 12. HP: 104/104 MP: 12/12
 17805 | Lair:2   | Noticed an eight-headed hydra
 17810 | Lair:2   | Reached skill level 10 in Fighting
 17811 | Lair:2   | Killed an eight-headed hydra
 17974 | Lair:2   | Found a gate leading to a gauntlet.
 18016 | Lair:2   | Noticed an eight-headed hydra
 18020 | Lair:2   | Killed an eight-headed hydra
 18040 | Gauntlet | Entered a Gauntlet
 18040 | Gauntlet | Noticed a blizzard demon
 18040 | Gauntlet | Found a transporter.
 18040 | Gauntlet | Found a transporter.
 18040 | Gauntlet | Found a transporter.
 18084 | Gauntlet | Found a transporter.
 18094 | Gauntlet | Found a transporter.
 18109 | Gauntlet | Found a transporter.
 18119 | Gauntlet | Found a transporter.
 18134 | Gauntlet | Found a transporter.
 18140 | Gauntlet | Found a transporter.
 18154 | Gauntlet | Found a transporter.
 18158 | Gauntlet | Noticed a quicksilver ooze
 18160 | Gauntlet | Found a transporter.
 18163 | Gauntlet | Found a transporter.
 18276 | Gauntlet | Killed from afar by a blizzard demon

Illustrated notes

Levels and vault maps discovered:
D:1:      roderic_chinese_lattice_arrival, layout_basic,
          chequers_hall_statues_corner_a
D:2:      layout_loops_corners, chequers_ecumenical_altar_simple, minivault_5,
          serial_park_tiny_1
D:3:      wander_river, layout_rooms, vehumet_altar_wand_db,
          grunt_gozag_breadcrumbs, nicolae_qazlal_style_of_elements,
          serial_shops, shop, hangedman_abyss_or_decor_lesser_grid,
          chequers_serial_rivers_small_3, kennysheep_generic_room_10
D:4:      layout_cave_pools, gammafunk_temple_overflow_wave,
          minmay_diced_spiral, uniq_crazy_yiuf_cottage
D:5:      layout_rooms, serial_bayou_ford_a, grunt_decor_arrowhead
D:6:      layout_basic, nemelex_spade_bored_becter, lemuel_crystal_altar,
          kennysheep_generic_room_6
D:7:      layout_loops_ring, minmay_temple_entry_arrows, enter_bailey_8
D:8:      layout_rooms, lair_entry_dummy
D:9:      layout_long_grid, tso_metal_star, serial_shops, nicolae_stop_n_shop_2
D:10:     layout_basic, nicolae_ru_great_annihilating_truth,
          amcnicky_altar_gilded, muffindrake_ghost_dual_entry
D:11:     layout_roguey, orc_0_dummy, minmay_misc_feat_doors,
          kennysheep_opposing_triangles
Temple:   nicolae_temple_godzebo
Lair:1:   minmay_lair_oklob_chamber, layout_gridlike, serial_rivers,
          chequers_serial_rivers_micro_d, chequers_serial_rivers_micro_a,
          chequers_serial_rivers_small_3, chequers_serial_rivers_micro_e,
          chequers_serial_rivers_marsh, lemuel_fruit_tree, serial_bayou_shore_b
Lair:2:   layout_misc_corridors, minmay_swamp_entry_swarm,
          guppyfry_snake_entry_island, gauntlet_entry_generic
Gauntlet: gammafunk_gauntlet_shortcut [gammafunk_gauntlet_arena_open,
          gammafunk_gauntlet_arena_mazey, gammafunk_gauntlet_arena_arrow_garden,
          nicolae_gauntlet_arena_flowing_pool, gammafunk_gauntlet_arena_spirals,
          nicolae_gauntlet_arena_x, gauntlet_exit_hidden_loot]

Skill      XL: |  1  2  3  4  5  6  7  8  9 10 11 12 |
---------------+-------------------------------------+-----
Shields        | 3 4 5 6 8 9 |  9.4
Armour         | 3 4 5 6 7 8 |  8.6
Fighting       | 4 5 6 7 8 9 10 | 10.2
Axes           | 3 4 5 7 8 10 | 10.5

Action                     |  1- 3 |  4- 6 |  7- 9 | 10-12 || total
---------------------------+-------+-------+-------+-------++-------
  Melee: War axe           |   104 |   111 |   528 |   356 ||  1099
         Broad axe         |       |       |       |    94 ||    94
 Invoke: Ancestor Life: Ba |       |       |       |     1 ||     1
         Ancestor Identity |       |       |       |     1 ||     1
         Recall Ancestor   |       |       |       |     1 ||     1
Ability: Spit Poison       |       |       |     1 |       ||     1
  Evoke: Wand              |       |       |     5 |    17 ||    22
         Box of beasts     |       |       |       |     1 ||     1
    Use: Scroll            |       |     3 |    11 |     5 ||    19
         Potion            |       |     4 |     8 |     7 ||    19
   Stab: Invisible         |       |       |     2 |       ||     2
         Distracted        |       |       |       |     5 ||     5
 Armour: Scale mail        |    43 |    60 |   118 |       ||   221
         Plate armour      |       |       |   254 |     1 ||   255
         Crystal plate arm |       |       |       |   545 ||   545
  Dodge: Dodged            |    38 |    54 |   245 |    69 ||   406
  Block: Buckler           |    20 |    23 |   159 |   176 ||   378

Table legend: (Time is in decaauts)
 A = Elapsed time spent in this place.
 B = Non-inter-level travel time spent in this place.
 C = Inter-level travel time spent in this place.
 D = Time resting spent in this place.
 E = Time spent auto-exploring this place.
 F = Levels seen in this place.
 G = Mean time per level.
                   A        B        C        D        E       F      G
               +--------+--------+--------+--------+--------+-----+--------+
         Total |  21805 |  21214 |    591 |   6618 |  11249 |  16 | 1362.8 |
       Dungeon |  17787 |  17311 |    476 |   4936 |   9944 |  11 | 1617.0 |
        Temple |    194 |    147 |     47 |      0 |    135 |   1 |  194.0 |
          Lair |   1344 |   1276 |     68 |    244 |    807 |   2 |  672.0 |
        Bailey |   2166 |   2166 |      0 |   1407 |    162 |   1 | 2166.0 |
      Gauntlet |    313 |    313 |      0 |     30 |    200 |   1 |  313.0 |
               +--------+--------+--------+--------+--------+-----+--------+

Top non-repeatable levels by time:
     D:6: 2741 daAuts
     D:3: 2190 daAuts
  Bailey: 2166 daAuts
    D:11: 1890 daAuts
     D:4: 1864 daAuts
     D:9: 1636 daAuts
     D:5: 1448 daAuts
    D:10: 1418 daAuts
     D:2: 1390 daAuts
     D:1: 1300 daAuts
     D:8: 1107 daAuts
  Lair:1: 1047 daAuts
     D:7: 799 daAuts
Gauntlet: 313 daAuts
  Lair:2: 297 daAuts
